 Dungeon Crawl Stone Soup version 0.27-a0-277-g024f7ef292 (webtiles) character file.

Game seed: 11869506857882282873

56 caco the Ruffian (level 3, -1/29 HPs)
             Began as a Palentonga Transmuter on Feb 6, 2021.
             Slain by a gnoll (4 damage)
             ... on level 1 of the Dungeon.
             The game lasted 00:04:51 (1949 turns).

caco the Ruffian (Palentonga Transmuter)            Turns: 1949, Time: 00:04:52

Health: -1/29      AC:  4    Str: 13    XL:     3   Next: 71%
Magic:  5/6        EV: 10    Int: 13    God:
Gold:   79         SH:  0    Dex: 11    Spells: 2/6 levels left

rFire    . . .     SeeInvis +     - Unarmed
rCold    . . .     Faith    .   (no shield)
rNeg     . . .     Spirit   .   a - +0 robe
rPois    .         Reflect  .   (helmet currently unavailable)
rElec    .         Harm     .   (no cloak)
rCorr    .         Rampage  .   (no gloves)
Will     .....                  (no barding)
Stlth    +.........             (no amulet)
HPRegen  0.09/turn              (no ring)
MPRegen  0.10/turn              (no ring)

@: appendages
A: large, horns 2, talons 2, rugged brown scales 3, see invisible, deformed
body, roll 1, armoured tail
a: Rolling Charge, End Transformation


You were on level 1 of the Dungeon.
You had grown temporary horns.
You had grown temporary talons.
You visited 1 branch of the dungeon, and saw 2 of its levels.

You collected 79 gold pieces.

Inventory:

Armour
 a - a +0 robe (worn)
Scrolls
 b - a scroll of enchant armour {unknown}
 d - 7 scrolls of identify {unknown}
 e - a scroll of amnesia {unknown}
 h - 3 scrolls of teleportation {unknown}
 i - a scroll of enchant weapon {unknown}
 l - a scroll of magic mapping {unknown}
Potions
 c - a potion of flight {unknown}
 f - 2 potions of curing {unknown}
 g - a potion of brilliance {unknown}
 j - a potion of ambrosia {unknown}
 k - a potion of haste {unknown}


   Skills:
 - Level 1.0 Fighting
 - Level 1.5 Dodging
 + Level 3.9 Unarmed Combat
 - Level 2.0 Spellcasting
 + Level 3.2 Transmutations


You had 2 spell levels left.
You knew the following spells:

 Your Spells              Type           Power        Failure   Level
a - Beastly Appendage     Tmut           18%          7%          1
b - Spider Form           Tmut/Pois      2%           36%         3

Your spell library contained the following spells:

 Spells                   Type           Power        Failure   Level
 Wereblood                Tmut           9%           11%         2
 Ice Form                 Ice/Tmut       5%           78%         4
 Blade Hands              Tmut           4%           88%         5


Dungeon Overview and Level Annotations

Branches:
Dungeon (2/15)

Altars:
Yredelemnul

Annotations:
D:2 2 transporters


Innate Abilities, Weirdness & Mutations

You are completely covered in rugged brown scales. (AC +3, +7% HP)
You have supernaturally acute eyesight. (SInv)
Armour fits poorly on your strangely shaped body.
You can roll at nearby foes to attack.
You have a long armoured tail.
You have a pair of horns on your head.
You have razor-sharp toenails.


Message History

Your horns disappear.
Your talons disappear.
The gnoll closely misses you.
There is an escape hatch in the ceiling here.
The gnoll closely misses you. A mysterious force pulls you upwards.
The hatch slams shut behind you.
Unknown command.
Casting: Beastly Appendage (safe; 7% risk of failure)
Confirm with . or Enter, or press ? or * to list all spells.
You grow a pair of large bovine horns.
Your feet morph into talons.
The gnoll hits you!
Unknown command.
You closely miss the gnoll. You tail-slap the gnoll.
The gnoll is moderately wounded.
The gnoll hits you!
* * * LOW HITPOINT WARNING * * *
You hit the gnoll but do no damage.
You headbutt the gnoll, but do no damage.
The gnoll is moderately wounded.
The gnoll hits you.
You die...

....####
##.####.>.########.#.#
≈≈.....#
#.#.............#.#.#
≈≈¥....#
#.#.<........¥¥.#.#.#
≈≈≈≈...#
#.#......)......#.#.#
≈≈≈≈...#
#.########....###.#.#
P≈≈¥#### #...#
#.....##..#.# ≈P≈¥#
#####.#####.######.##.##
≈≈PP#
#(...............).....#
≈¥≈##
#^####g@......###.######
≈¥¥# #.# #........# #.#
≈¥≈# #.# #........# #.#
≈¥≈# ###.#####.......#
#.# ≈PP#
##.#.#.###.......# #.#
≈≈¥¥ #.......##..####.#
#.# ≈≈¥ ##.#.#.####.#
#.# #.# ≈≈¥¥ #.....÷>#
#.####.# #.#
P¥≈#####.#.#.## #.#.)..#
#.#


You could see a gnoll.

Vanquished Creatures
  A gnoll (D:2)
  3 leopard geckos (D:1)
  A giant cockroach (D:1)
  6 goblins
  4 hobgoblins
  A jackal (D:1)
  A ball python (D:2)
  13 bats
  3 frilled lizards
  4 kobolds
  7 rats
44 creatures vanquished.

Vanquished Creatures (others)
  4 plants (D:1)
4 creatures vanquished.

Grand Total: 48 creatures vanquished

Notes
Turn   | Place    | Note
-------+----------+-------------------------------------------
     0 | D:1      | caco the Palentonga Transmuter began the quest for the Orb.
     0 | D:1      | Reached XP level 1. HP: 17/17 MP: 3/3
   225 | D:1      | Reached XP level 2. HP: 24/24 MP: 5/5
   914 | D:1      | Reached XP level 3. HP: 28/29 MP: 6/6
  1267 | D:2      | Learned a level 3 spell: Spider Form
  1281 | D:2      | Found a basalt altar of Yredelemnul.
  1283 | D:2      | Found a transporter.
  1843 | D:2      | Found a transporter.
  1949 | D:1      | Slain by a gnoll

Illustrated notes

Levels and vault maps discovered:
D:1:      amcnicky_arrival_blooded_trapdoor, layout_basic, serial_bayou,
          serial_bayou_lagoon_b, serial_bayou_pond_b, serial_bayou_ford_a,
          serial_bayou_pond_b, st_stairs_8
D:2:      lemuel_upstairs_altar, layout_basic, gammafunk_temple_overflow_arena

Skill      XL: |  1  2  3 |
---------------+----------+-----
Transmutations | 3 |  3.2
Fighting       | |  1.0
Dodging        | |  1.5
Unarmed Combat | |  3.9
Spellcasting   | |  2.0

Action                   || total
-------------------------++-------
Melee: Unarmed           ||   128
       Kick              ||     9
       Tailslap          ||     4
       Headbutt          ||     9
       Punch             ||     2
 Cast: Beastly Appendage ||     9
 Abil: Rolling Charge    ||    28
Armor: Robe              ||    80
Dodge: Dodged            ||    72

Table legend: (Time is in decaauts)
 A = Elapsed time spent in this place.
 B = Non-inter-level travel time spent in this place.
 C = Inter-level travel time spent in this place.
 D = Time resting spent in this place.
 E = Time spent auto-exploring this place.
 F = Levels seen in this place.
 G = Mean time per level.
                   A        B        C        D        E       F      G
               +--------+--------+--------+--------+--------+-----+--------+
         Total |   1980 |   1897 |     83 |    234 |   1228 |   2 |  990.0 |
       Dungeon |   1980 |   1897 |     83 |    234 |   1228 |   2 |  990.0 |
               +--------+--------+--------+--------+--------+-----+--------+

Top non-repeatable levels by time:
     D:1: 1437 daAuts
     D:2: 543 daAuts
